 Dungeon Crawl Stone Soup version 0.21.1-1-g345015fe64 (webtiles) character file.

828 Oravi the Slinger (level 8, -10/54 HPs)
             Began as a Halfling Hunter on Apr 20, 2018.
             Was an Initiate of Okawaru.
             Mangled by an orc warrior
             ... wielding a +0 war axe
              (16 damage)
             ... on level 5 of the Dungeon.
             The game lasted 00:14:46 (4256 turns).

Oravi the Slinger (Halfling Hunter)                 Turns: 4256, Time: 00:14:47

Health: -10/54     AC:  4    Str: 18    XL:     8   Next: 18%
Magic:  8/8        EV: 17    Int:  9    God:    Okawaru [......]
Gold:   181        SH:  0    Dex: 17    Spells: 7/7 levels left

rFire    . . .     SeeInvis .   a - +2 hunting sling
rCold    . . .     Gourm    .   (shield restricted)
rNeg     . . .     Faith    .   c - +0 leather armour
rPois    .         Spirit   .   (no helmet)
rElec    .         Reflect  .   (no cloak)
rCorr    .         Harm     .   (no gloves)
MR       .....                  d - +0 pair of boots
Stlth    ++........             (no amulet)
HPRegen  0.18/turn              (no ring)
MPRegen  0.11/turn              (no ring)

@: mighty, hasted, very quick
A: small, repulsion field 1, mutation resistance 1
a: Renounce Religion


You were on level 5 of the Dungeon.
You worshipped Okawaru.
Okawaru was noncommittal.
You were hungry.

You visited 2 branches of the dungeon, and saw 6 of its levels.

You collected 181 gold pieces.

Inventory:

Hand Weapons
 a - a +2 hunting sling (weapon)
 b - a +0 short sword
Missiles
 e - 96 stones (quivered)
 s - 5 sling bullets
Armour
 c - a +0 leather armour (worn)
 d - a +0 pair of boots (worn)
Wands
 g - a wand of disintegration (13)
Scrolls
 h - 3 scrolls of remove curse
 i - 2 scrolls of enchant weapon
 k - a scroll of teleportation
 q - a scroll of amnesia {unknown}
 t - a scroll of magic mapping {unknown}
 u - a scroll of enchant armour {unknown}
Potions
 l - 3 potions of might
 m - a potion of lignification {unknown}
 n - 2 potions of flight
 r - 2 potions of agility {unknown}
Comestibles
 f - 9 rations
 j - 8 chunks of flesh


   Skills:
 + Level 3.9 Fighting
 + Level 11.5 Slings
 + Level 2.2 Armour
 + Level 2.5 Dodging
 - Level 1.1 Stealth


You had 7 spell levels left.
You didn't know any spells.

Dungeon Overview and Level Annotations

Branches:
Dungeon (5/15)             Temple (1/1) D:4

Altars:
Cheibriados
Dithmenos
Elyvilon
Fedhas
Gozag
Makhleb
Okawaru
Ru
Sif Muna
Trog
Uskayaw
Wu Jian
Xom
Yredelemnul
The Shining One

Annotations:
D:4 DarkMoon's ghost, amateur TeHu


Innate Abilities, Weirdness & Mutations

You are small and have problems with some larger weapons.
You are somewhat resistant to further mutation.
You are surrounded by a mild repulsion field. (EV +2)


Message History

You feel better.
The orc warrior hits you with a war axe!
You are too injured to fight recklessly!
You are too injured to fight recklessly!
Firing (i - inventory. (,) - cycle):
e - 98 stones (quivered)
Press: ? - help, Shift-Dir - straight line, f/p - orc warrior
Aim: an orc warrior, wielding a war axe and wearing a chain mail (moderately wounded)
You shoot a stone.
The stone hits the orc warrior but does no damage.
The orc warrior is moderately wounded.
Firing (i - inventory. (,) - cycle):
e - 97 stones (quivered)
Press: ? - help, Shift-Dir - straight line, f/p - orc warrior
Aim: an orc warrior, wielding a war axe and wearing a chain mail (moderately wounded)
You shoot a stone. The stone hits the orc warrior.
The orc warrior is moderately wounded.
The orc warrior hits you with a war axe!
* * * LOW HITPOINT WARNING * * *
You feel yourself speed up.
The orc warrior hits you with a war axe!
You die...

###...##.....#
##..##
####....#########
##..# .....####
#..# ...### #.##
#..## ##### #.#
##..####### ##...#
#.#
##.......###....##
###
##..####...###..#
#### ##### #@##
#o# #o# #o# #.(#
...## o..## ...o.
#...


You could see an orc warrior and 2 orc priests.

Vanquished Creatures
  2 ogres
  A phantom (D:4)
  A gnoll sergeant (D:5)
  2 howler monkeys
  2 orc priests (D:5)
  3 orc wizards
  Ijyb (D:3)
  A worker ant (D:4)
  4 gnolls (D:5)
  8 adders
  An adder skeleton (D:4)
  2 worms (D:2)
  A dart slug (D:1)
  3 leopard geckos
  14 orcs
  6 bats
  11 giant cockroaches
  11 goblins
  15 hobgoblins
  3 jackals (D:2)
  3 quokkas
  3 ball pythons
  8 frilled lizards
  9 kobolds
  6 rats
121 creatures vanquished.

Notes
Turn   | Place    | Note
-------+----------+-------------------------------------------
     0 | D:1      | Oravi the Halfling Hunter began the quest for the Orb.
     0 | D:1      | Reached XP level 1. HP: 14/14 MP: 1/1
     7 | D:1      | Reached skill level 6 in Slings
    80 | D:1      | Reached XP level 2. HP: 19/19 MP: 2/2
   258 | D:1      | Reached XP level 3. HP: 24/24 MP: 3/3
   781 | D:1      | Reached skill level 7 in Slings
  1097 | D:2      | Reached XP level 4. HP: 24/29 MP: 4/4
  1773 | D:2      | Reached skill level 8 in Slings
  1773 | D:2      | Reached XP level 5. HP: 34/35 MP: 5/5
  2300 | D:3      | Found a snail-covered altar of Cheibriados.
  2322 | D:3      | Noticed Ijyb
  2334 | D:3      | Killed Ijyb
  2522 | D:3      | Reached XP level 6. HP: 35/41 MP: 6/6
  2528 | D:3      | Reached skill level 9 in Slings
  2583 | D:3      | Gained mutation: You are surrounded by a mild repulsion field. (EV +2) [potion of mutation]
  2587 | D:3      | Noticed an ogre
  2859 | D:3      | Killed an ogre
  2859 | D:3      | Reached skill level 1 in Armour
  3101 | D:4      | Noticed DarkMoon's ghost (amateur TeHu)
  3165 | D:4      | Noticed an ogre
  3173 | D:4      | Killed an ogre
  3173 | D:4      | Reached skill level 10 in Slings
  3173 | D:4      | Reached XP level 7. HP: 46/46 MP: 7/7
  3273 | D:4      | Found a staircase to the Ecumenical Temple.
  3279 | Temple   | Entered the Ecumenical Temple
  3318 | Temple   | Became a worshipper of Warmaster Okawaru
  3666 | D:4      | Found a sacrificial altar of Ru.
  3744 | D:5      | Entered Level 5 of the Dungeon
  3957 | D:5      | Reached skill level 11 in Slings
  3977 | D:5      | Reached XP level 8. HP: 54/54 MP: 8/8
  4256 | D:5      | Mangled by an orc warrior

Skill      XL: |  1  2  3  4  5  6  7 |
---------------+----------------------+-----
Slings         | 6 7 8 10 11 | 11.5
Fighting       | 2 3 |  3.9
Armour         | 1 2 |  2.2
Dodging        | |  2.5
Stealth        | |  1.1

Action                   |  1- 3 |  4- 6 |  7- 9 || total
-------------------------+-------+-------+-------++-------
 Fire: Hunting sling     |   109 |   179 |   166 ||   454
  Use: Scroll            |     3 |     8 |       ||    11
       Potion            |       |     2 |     3 ||     5
  Eat: Chunk             |       |     6 |     3 ||     9
Armor: Leather armour    |     8 |    10 |     3 ||    21
Dodge: Dodged            |    15 |    35 |    21 ||    71
